 Dungeon Crawl Stone Soup version 0.30-a0-1114-gd936c97349 (webtiles) character file.

Game seed: 13497285808654805097

1993 voltaire321 the Thaumaturge (level 9, -11/51 HPs)
             Began as a Deep Elf Conjurer on Apr 20, 2023.
             Mangled by a boulder beetle (21 damage)
             ... on level 6 of the Dungeon.
             The game lasted 00:18:07 (5463 turns).

voltaire321 the Thaumaturge (Deep Elf Conjurer)     Turns: 5463, Time: 00:18:07

Health: -11/51     AC:  6    Str:  9    XL:     9   Next: 1%
Magic:  4/23       EV: 20    Int: 26    God:
Gold:   349        SH:  0    Dex: 19    Spells: 19/25 levels left

rFire   . . .      SeeInvis .    s - +4 dagger "Kimmicw" {flame, Str+3 Stlth+}
rCold   . . .      Faith    .    (no shield)
rNeg    . . .      Spirit   .    a - +0 robe
rPois   .          Reflect  .    (no helmet)
rElec   .          Rampage  .    (no cloak)
rCorr   .                        l - +2 pair of gloves
Will    .....                    p - +0 pair of boots
Stlth   ++++                     (no amulet)
HPRegen 0.28/turn                A - +6 ring of dexterity
MPRegen 0.18/turn                B - +5 ring of evasion

@: studying Spellcasting
A: no striking features
a: no special abilities


You were on level 6 of the Dungeon.
You visited 1 branch of the dungeon, and saw 6 of its levels.

You collected 349 gold pieces.

Inventory:

Hand Weapons
 s - the +4 dagger "Kimmicw" (weapon) {flame, Str+3 Stlth+}
   (You found it on level 3 of the Dungeon)

   Str:       It affects your strength (+3).
   Stlth:     It makes you more stealthy.
Missiles
 d - 3 throwing nets
 g - 6 datura-tipped darts
Armour
 a - a +0 robe (worn)
 l - a +2 pair of gloves (worn)
 p - a +0 pair of boots (worn)
Jewellery
 A - a +6 ring of dexterity (left hand)
 B - a +5 ring of evasion (right hand)
Wands
 C - a wand of polymorph (7)
Scrolls
 c - a scroll of noise {unknown}
 e - a scroll of torment {unknown}
 f - a scroll of enchant armour {unknown}
 j - a scroll of blinking {unknown}
 k - a scroll of fear {unknown}
 m - a scroll of poison {unknown}
 n - 2 scrolls of teleportation {unknown}
 o - a scroll of silence {unknown}
 q - 2 scrolls of identify {unknown}
 u - a scroll of enchant weapon {unknown}
 w - a scroll of fog {unknown}
 x - a scroll of immolation {unknown}
 y - a scroll of summoning {unknown}
 E - a scroll of magic mapping {unknown}
Potions
 b - a potion of magic
 h - a potion of curing {unknown}
 i - 2 potions of might {unknown}
 r - a potion of resistance {unknown}
 t - a potion of attraction {unknown}
 v - 2 potions of flight {unknown}
 z - 2 potions of heal wounds {unknown}
 D - a potion of degeneration {unknown}


   Skills:
 + Level 3.6 Fighting
 + Level 3.5 Armour
 + Level 5.8 Dodging
 + Level 6.0 Stealth
 + Level 8.6 Spellcasting
 + Level 6.5 Conjurations
 + Level 4.3 Earth Magic


You had 19 spell levels left.
You knew the following spells:

 Your Spells              Type           Power      Damage    Failure   Level
a - Magic Dart            Conj           100%       1d8       1%          1
b - Searing Ray           Conj           90%        2d7       1%          2
c - Stone Arrow           Conj/Erth      78%        3d11      1%          3

Your spell library contained the following spells:

 Spells                   Type           Power      Damage    Failure   Level
 Sandblast                Erth           66%        2d15      1%          1
 Momentum Strike          Conj/Tloc      56%        3d9       1%          2
 Passwall                 Tmut/Erth      18%        N/A       3%          2
 Dazzling Flash           Conj/Hex       56%        N/A       4%          3
 Apportation              Tloc           22%        N/A       5%          1
 Fulminant Prism          Conj/Hex       14%        3d8       14%         4
 Iskenderun's Mystic Bla  Conj/Tloc      28%        2d7       14%         4
 Gell's Gravitas          Tloc           11%        N/A       16%         3
 Vhi's Electric Charge    Tloc/Air       22%        N/A       16%         3
 Alistair's Intoxication  Tmut/Pois      7%         N/A       83%         5
 Malign Gateway           Summ/Tloc      5%         N/A       100%        7


Dungeon Overview and Level Annotations

Branches:
Dungeon (6/15)
 Temple: D:4-7

Altars:
Trog
The Shining One

Shops:
D:2 (

Annotations:
D:6 4 runed translucent doors


Message History

Aiming: Stone Arrow (safe; 1% risk of failure)
Press: ? - help, Shift-Dir - straight line, f/p - boulder beetle
Aim: a boulder beetle (severely wounded, 100% to hit)
The stone arrow hits the boulder beetle.
The boulder beetle is severely wounded.
The boulder beetle curls into a ball and begins rolling!
The boulder beetle attacks as you move away!
The boulder beetle misses you.
The boulder beetle stops rolling and uncurls.
The boulder beetle waves its antennae.
The boulder beetle attacks as you move away!
The boulder beetle closely misses you.
The boulder beetle leaps!
Casting: Stone Arrow (safe; 1% risk of failure)
Confirm with . or Enter, or press ? or * to list all spells.
Aiming: Stone Arrow (safe; 1% risk of failure)
Press: ? - help, Shift-Dir - straight line, f/p - boulder beetle
Aim: a boulder beetle (severely wounded, 100% to hit)
The stone arrow hits the boulder beetle but does no damage.
The boulder beetle is severely wounded.
The boulder beetle curls into a ball and begins rolling!
The boulder beetle barely misses you.
The boulder beetle stops rolling and uncurls.
The boulder beetle leaps!
Casting: Stone Arrow (safe; 1% risk of failure)
Confirm with . or Enter, or press ? or * to list all spells.
Aiming: Stone Arrow (safe; 1% risk of failure)
Press: ? - help, Shift-Dir - straight line, f/p - boulder beetle
Aim: a boulder beetle (severely wounded, 100% to hit)
The stone arrow hits the boulder beetle!
The boulder beetle is almost dead.
The boulder beetle curls into a ball and begins rolling!
The boulder beetle attacks as you move away!
The boulder beetle misses you.
The boulder beetle stops rolling and uncurls.
The boulder beetle leaps!
The boulder beetle bites you!
* * * LOW HITPOINT WARNING * * *
The boulder beetle attacks as you move away!
The boulder beetle bites you!!
You die...

..............####....#####..#...
####..######.....#....# ##.....
...####..†.##°...#....# ##>...
○##:##..###.#°######### #.#.. ..#
##.##[#.#.○..# #.#.. ##B.
#.#.##†#.##.# #####.###
.##}##.##)#.#..#.########.....#
#.######...##..B.##....##.#####
#'# #'###..##@##.##.##.####
..######B....###.##.##.##....#
.##8$)8##.#### #.##.##..÷.####
.#8....8#.### ##....#####.#
.+.....c+...# #..#### ###
.+.....Y+.#°# #.##
○#8....8#.#.###.#
.##8=$8##.#.....#
..######..###.###


You could see a boulder beetle.

Vanquished Creatures
  A wyvern (D:6)
  A steam dragon (D:6)
  A water moccasin (D:6)
  An ogre (D:6)
  2 black bears (D:6)
  2 centaurs
  A phantom (D:6)
  5 scorpions
  A wight (D:6)
  A killer bee (D:6)
  2 jellies (D:5)
  A gnoll bouda (D:6)
  An orc priest (D:5)
  7 hounds
  5 iguanas
  A sleepcap (D:6)
  An orc wizard (D:5)
  4 gnolls (D:6)
  8 adders
  2 shadow imps (D:6)
  3 ufetubi
  3 worms
  4 dart slugs
  8 orcs
  8 endoplasms
  3 giant cockroaches
  7 goblins
  5 hobgoblins
  5 jackals
  4 quokkas
  8 ball pythons
  6 bats
  4 frilled lizards
  2 kobolds
  4 rats
122 creatures vanquished.

Notes
Turn   | Place    | Note
-------+----------+-------------------------------------------
     0 | D:1      | voltaire321 the Deep Elf Conjurer began the quest for the
                  | Orb.
     0 | D:1      | Reached XP level 1. HP: 10/10 MP: 6/6
   146 | D:1      | Reached XP level 2. HP: 16/16 MP: 5/8
   149 | D:1      | Learned a level 2 spell: Searing Ray
   524 | D:1      | Reached XP level 3. HP: 20/20 MP: 3/9
   965 | D:2      | Reached skill level 1 in Fighting
   965 | D:2      | Reached skill level 1 in Armour
  1114 | D:2      | Found Lesa's Weapon Shoppe.
  1669 | D:3      | Reached XP level 4. HP: 19/25 MP: 5/11
  1765 | D:3      | Learned a level 3 spell: Stone Arrow
  1952 | D:3      | Reached skill level 4 in Spellcasting
  2153 | D:3      | Found a faded altar of an unknown god.
  2206 | D:3      | Identified the +4 dagger "Kimmicw" {flame, Str+3 Stlth+}
  2577 | D:4      | Reached XP level 5. HP: 29/29 MP: 1/13
  2743 | D:4      | Reached skill level 5 in Conjurations
  2743 | D:4      | Reached skill level 1 in Earth Magic
  3032 | D:5      | Entered Level 5 of the Dungeon
  3063 | D:5      | Found a glowing golden altar of the Shining One.
  3081 | D:5      | Reached skill level 5 in Spellcasting
  3135 | D:5      | Reached XP level 6. HP: 24/35 MP: 12/15
  3585 | D:5      | Reached XP level 7. HP: 40/40 MP: 11/17
  3766 | D:5      | Reached skill level 6 in Spellcasting
  4391 | D:6      | Found a bloodstained altar of Trog.
  4679 | D:6      | Reached XP level 8. HP: 45/45 MP: 14/20
  4845 | D:6      | Reached skill level 7 in Spellcasting
  4871 | D:6      | Found a large runed translucent door.
  4871 | D:6      | Found a large runed translucent door.
  4873 | D:6      | Found a large runed translucent door.
  4873 | D:6      | Found a large runed translucent door.
  4896 | D:6      | Reached skill level 5 in Dodging
  4900 | D:6      | Reached skill level 5 in Stealth
  4996 | D:6      | Got Gell's Handbook of Points
  5068 | D:6      | Reached skill level 8 in Spellcasting
  5080 | D:6      | Noticed a boulder beetle
  5287 | D:6      | Reached XP level 9. HP: 44/51 MP: 16/23
  5463 | D:6      | Mangled by a boulder beetle

Illustrated notes

Levels and vault maps discovered:
D:1:      dpeg_arrival_tiny_e, layout_rooms, chequers_jeans
D:2:      layout_basic, serial_shops, shop, kennysheep_generic_room_7
D:3:      layout_basic, basic_ecumenical_altar
D:4:      layout_cave_pools
D:5:      layout_basic, tso_metal_star, nicolae_eternal_life, minivault_14,
          nicolae_figureground_sparkle
D:6:      layout_basic, mainiacjoe_overflow_alcove_4,
          minmay_hollow_rounded_squares

Skill      XL: |  1  2  3  4  5  6  7  8 |
---------------+-------------------------+-----
Fighting       | 1 2 3 |  3.6
Armour         | 1 2 3 |  3.5
Dodging        | 3 4 5 |  5.8
Spellcasting   | 4 5 6 8 |  8.6
Conjurations   | 5 6 |  6.5
Earth Magic    | 1 2 3 4 |  4.3
Stealth        | 3 4 6 |  6.0

Action                     |  1- 3 |  4- 6 |  7- 9 || total
---------------------------+-------+-------+-------++-------
  Melee: Short sword       |     9 |     1 |       ||    10
         Dagger            |       |    30 |    29 ||    59
         Punch             |       |       |     1 ||     1
   Cast: Magic Dart        |    77 |    56 |    27 ||   160
         Searing Ray       |     1 |     8 |    17 ||    26
         Stone Arrow       |       |       |    10 ||    10
   Stab: Sleeping          |     1 |     5 |    12 ||    18
 Armour: Robe              |     4 |    16 |     9 ||    29
  Dodge: Dodged            |     7 |    35 |    80 ||   122

Table legend: (Time is in decaauts)
 A = Elapsed time spent in this place.
 B = Non-inter-level travel time spent in this place.
 C = Inter-level travel time spent in this place.
 D = Time resting spent in this place.
 E = Time spent auto-exploring this place.
 F = Levels seen in this place.
 G = Mean time per level.
                   A        B        C        D        E       F      G
               +--------+--------+--------+--------+--------+-----+--------+
         Total |   5459 |   5392 |     67 |   1341 |   2890 |   6 |  909.8 |
       Dungeon |   5459 |   5392 |     67 |   1341 |   2890 |   6 |  909.8 |
               +--------+--------+--------+--------+--------+-----+--------+

Top non-repeatable levels by time:
     D:6: 1367 daAuts
     D:5: 1047 daAuts
     D:3: 934 daAuts
     D:1: 760 daAuts
     D:4: 711 daAuts
     D:2: 637 daAuts
